[Event "Early-Titled-Tuesday-Blitz-April-23-2024"]
[Site "Chess.com"]
[Date "2024.04.23"]
[Round "7"]
[White "Sam_ChessMood"]
[Black "Eagle_2019"]
[Result "1-0"]
[WhiteElo "2974"]
[BlackElo "2856"]
[TimeControl "180+1"]
[EndTime "9:20:01 PDT"]
[Termination "Sam_ChessMood won by resignation"]

1. d4 d5 2. c4 e6 3. Nf3 Nf6 4. Nc3 c6 5. e3 Nbd7 6. Qc2 Bd6 7.
g4 h6 8. g5 hxg5 9. Nxg5 dxc4 10. Bxc4 b5 11. Bxe6 O-O 12. Bb3 Nb6 13. Bd2 a5 14. a4 Bg4 15. Rg1 Qd7 16. Nce4 Nxe4 17. Qxe4 Bf5 18. Qh4 Nc4 19. Bc3 Bb4 20. Ne4 Bxe4 21.
Qxe4 Rfe8 22. Qf4 Bxc3+ 23. bxc3 Re6 24. Ke2 Rae8 25. Rg3 g6 26. Rag1 Qe7 27. Bc2 Kg7 28. Rh3 Rh8 29. Rxh8 Kxh8 30. Bd3 Kg7 31. h4 Rf6 32.
Qg3 Qa3 33. Bxc4 bxc4 34. h5 Qb2+ 35. Kf1 Qb1+ 36. Kg2 Qe4+ 37. Kf1 Qxe3 38. Qxe3 1-0

[Event "Early-Titled-Tuesday-Blitz-April-23-2024"]
[Site "Chess.com"]
[Date "2024.04.23"]
[Round "7"]
[White "Arteler"]
[Black "azikom"]
[Result "0-1"]
[WhiteElo "2342"]
[BlackElo "2694"]
[TimeControl "180+1"]
[EndTime "9:20:01 PDT"]
[Termination "azikom won on time"]

1. e4 c5 2. Nf3 e6 3. d4 cxd4 4. Nxd4 a6 5. Bd3 g6 6. Qe2 Bg7 7. c3 Ne7 8. O-O O-O 9. Kh1 Nbc6 10. Be3 d5 11. Rd1 Nxd4 12. Bxd4 Bxd4 13. cxd4 dxe4 14. Bxe4 Qd6 15. Nc3 Rd8 16. Bf3 Nf5 17. d5 e5 18. Ne4 Qb6 19. Rab1 Kg7 20. Nc3 f6 21. Qe4 Nd6 22. Qe2 Bf5 23. Rbc1 Rac8 24.
Ne4 Bxe4 25. Bxe4 Nxe4 26. Qxe4 Qxf2 27. Rxc8 Rxc8 28. d6 Qb6 29. d7 Rd8 30. Qd5 Qc6 31. Qxc6 bxc6 32. g3 a5 33. Rd6 Kf7 34. Kg2 h5 35. Kf3 Ke7 36. Rxc6 Rxd7 37. Rc5 Rd2 38. Rxa5 Rxb2 39. h4 Ke6 40. Ra6+ Kf5 41. a4 Rb3+ 42. Kf2 Ra3 43. Ra7 Kg4 44. a5 Rf3+ 45. Kg2 Rxg3+ 46. Kf2 Ra3 47. Rf7 f5 48. Rf6 Rxa5 49.
Rxg6+ Kxh4 50. Re6 Kg5 51. Re7 Ra2+ 52. Kg3 h4+ 53. Kh3 Ra3+ 54. Kg2 e4 0-1

[Event "Early-Titled-Tuesday-Blitz-April-23-2024"]
[Site "Chess.com"]
[Date "2024.04.23"]
[Round "7"]
[White "Matols"]
[Black "aljado"]
[Result "1-0"]
[WhiteElo "2376"]
[BlackElo "2160"]
[TimeControl "180+1"]
[EndTime "9:20:01 PDT"]
[Termination "Matols won on time"]

1. d4 Nf6 2. c4 c5 3. d5 b5 4. cxb5 a6 5. bxa6 Bxa6 6. Nc3 d6 7. Nf3 g6 8. g3 Bg7 9. Bg2 O-O 10. O-O Nbd7 11.
Rb1 Nb6 12. b3 Qc7 13. a4 Rfb8 14. Ne1 Qd7 15. h3 Qf5 16. Bb2 Nbd7 17. Ba1 Ne5 18. Nc2 h5 19. f4 Neg4 20. hxg4 Nxg4 21. e4 Qd7 22. Re1 f5 23. exf5 Qxf5 24. Be4 Qf7 25. Kg2 Rb7 26. Ne3 Nxe3+ 27. Rxe3 Rab8 28. Qc2 Kh7 29.
f5 gxf5 30. Bxf5+ Kh8 31. Nb5 Bxb5 32. axb5 Rxb5 33. Bxg7+ Qxg7 34. Rh1 Kg8 35. Be6+ Kf8 36. Qf5+ Ke8 37. Bd7+ Kd8 38. Bxb5 Rxb5 39. Rxh5 Qb2+ 40. Kh3 Rb4 41. Rh8+ 1-0

[Event "Early-Titled-Tuesday-Blitz-April-23-2024"]
[Site "Chess.com"]
[Date "2024.04.23"]
[Round "7"]
[White "masnyszachistaaa"]
[Black "DinaBelenkaya"]
[Result "1-0"]
[WhiteElo "2582"]
[BlackElo "2432"]
[TimeControl "180+1"]
[EndTime "9:20:02 PDT"]
[Termination "masnyszachistaaa won by resignation"]

1. d4 Nf6 2. c4 e6 3. Nc3 Bb4 4. Qc2 O-O 5. a3 Bxc3+ 6. Qxc3 d5 7. Bg5 h6 8. Bh4 g5 9. Bg3 Ne4 10. Qc2 c5 11. dxc5 Nc6 12. b4 f5 13.
Bd6 Nxd6 14. cxd6 Qxd6 15. e3 d4 16. Rd1 Qe5 17. Nf3 Qf6 18. Nxd4 Nxd4 19. Rxd4 e5 20.
Rd1 f4 21. Qc3 Bg4 22. f3 Bh5 23. Be2 g4 24. exf4 Qh4+ 25. g3 Qe7 26. fxg4 exf4 27. gxh5 f3 28. O-O fxe2 29. Rxf8+ Rxf8 30. Re1 Qe4 31. Qd2 Re8 32. Qd5+ Qxd5 33. cxd5 Re3 34. Kf2 Rxa3 35.
Rxe2 Ra4 36. Re4 Ra2+ 37. Kf3 Rxh2 38. Re7 Rh4 39. gxh4 1-0

[Event "Early-Titled-Tuesday-Blitz-April-23-2024"]
[Site "Chess.com"]
[Date "2024.04.23"]
[Round "7"]
[White "Naruna_Chan"]
[Black "Herzog2012"]
[Result "0-1"]
[WhiteElo "2349"]
[BlackElo "2552"]
[TimeControl "180+1"]
[EndTime "9:20:02 PDT"]
[Termination "Herzog2012 won by checkmate"]

1. e4 c5 2. c3 Nf6 3. e5 Nd5 4.
Bc4 Nb6 5. Bb3 Nc6 6. Nf3 d6 7. O-O dxe5 8. h3 Bf5 9. Re1 c4 10. Bc2 Bxc2 11. Qxc2 Qd5 12. b3 e6 13. Na3 Bd6 14.
Nxc4 Nxc4 15. bxc4 Qxc4 16. d3 Qd5 17. c4 Qa5 18. Bd2 Qc7 19. c5 Be7 20. Qc4 O-O 21.
Bg5 Bxg5 22. Nxg5 Rad8 23. Ne4 Rd4 24. Qc3 Ne7 25. Rac1 Nf5 26. g4 Nh4 27. Re3 Rfd8 28. Nd6 Qc6 29. f3 Nxf3+ 30. Kf2 Ng5 31. Kg3 h5 32.
gxh5 f5 33. Rxe5 Qf3+ 34. Kh2 Qxh3+ 35. Kg1 Rg4+ 36. Kf2 Rg2+ 37. Ke1 Qh1# 0-1

[Event "Early-Titled-Tuesday-Blitz-April-23-2024"]
[Site "Chess.com"]
[Date "2024.04.23"]
[Round "7"]
[White "rikchessmx"]
[Black "JoliyRoger"]
[Result "1-0"]
[WhiteElo "2261"]
[BlackElo "2400"]
[TimeControl "180+1"]
[EndTime "9:20:02 PDT"]
[Termination "rikchessmx won on time"]

1. e4 c5 2. Nf3 d6 3. d4 cxd4 4. Nxd4 Nf6 5. Nc3 a6 6. f4 e6 7. Qf3 Qc7 8. Be3 Be7 9. g4 e5 10. Nf5 Bxf5 11. gxf5 Nbd7 12. O-O-O exf4 13. Bxf4 Ne5 14. Qh3 Rc8 15. Kb1 b5 16. a3 Kf8 17. Be2 Qc6 18.
Rd4 h6 19. Rhd1 Qb7 20. Qg2 Rc5 21. Rg1 Ne8 22. Nd5 Bg5 23. Bxg5 hxg5 24. Qxg5 Rxh2 25. f6 g6 26. Rg2 Rh1+ 27. Rg1 Rh2 28. Rd2 Nd7 29. Bxb5 Rxb5 30. Rxh2 Rxb2+ 31. Kc1 Nexf6 32. Qh6+ Ke8 33. Qh8+ 1-0

[Event "Early-Titled-Tuesday-Blitz-April-23-2024"]
[Site "Chess.com"]
[Date "2024.04.23"]
[Round "7"]
[White "klercaku"]
[Black "Dewarfd"]
[Result "1-0"]
[WhiteElo "2262"]
[BlackElo "2098"]
[TimeControl "180+1"]
[EndTime "9:20:02 PDT"]
[Termination "klercaku won on time"]

1. e4 c5 2. Nf3 g6 3. d4 cxd4 4. Qxd4 Nf6 5. e5 Nc6 6. Qa4 Nd5 7. Qb3 Nc7 8. Bc4 Ne6 9. O-O Na5 10. Qc3 Nxc4 11. Qxc4 Bg7 12. Re1 O-O 13. h3 d5 14.
exd6 Qxd6 15. Nc3 a6 16. a4 Bd7 17. Ne4 Qc6 18. Qb3 Rac8 19. c3 Qc7 20. Be3 b5 21. axb5 Bxb5 22. Nfg5 Nxg5 23. Nxg5 Bc4 24. Qa3 e6 25. Nf3 Rb8 26. Bc5 Rfd8 27. Rad1 Rb3 28. Bd6 Rxa3 29. Bxc7 Rxd1 30. Rxd1 Rb3 31. Rd8+ Bf8 32.
Bd6 Rxb2 33. Bxf8 Rb1+ 34. Kh2 f6 35. Bb4+ 1-0

[Event "Early-Titled-Tuesday-Blitz-April-23-2024"]
[Site "Chess.com"]
[Date "2024.04.23"]
[Round "7"]
[White "rasmussvane"]
[Black "Brave_spirit12"]
[Result "1-0"]
[WhiteElo "2957"]
[BlackElo "2719"]
[TimeControl "180+1"]
[EndTime "9:20:03 PDT"]
[Termination "rasmussvane won by resignation"]

1. Nf3 d5 2. d4 Nf6 3. c4 c6 4.
Nc3 e6 5. e3 Nbd7 6. Qc2 Bd6 7.
b3 O-O 8. Be2 b6 9. O-O Bb7 10.
Bb2 Rc8 11. e4 dxe4 12. Nxe4 Nxe4 13. Qxe4 Nf6 14. Qc2 Qe7 15. Rad1 Rfd8 16. Rfe1 c5 17.
d5 exd5 18. Bd3 Qf8 19. Bxf6 gxf6 20. Bxh7+ Kh8 21. cxd5 Re8 22. Qf5 Qh6 23. Rxe8+ Rxe8 24. Qd7 Qf8 25. Qh3 Bf4 26. Bb1+ Bh6 27. Qf5 Qg7 28.
d6 Rg8 29. g3 Rd8 30. d7 b5 31. Nh4 Bg5 32. Qg4 Bc6 33. Nf5 Qh7 34. Ne7 Bxd7 35. Bxh7 Bxg4 36. Rxd8+ Kxh7 37. f4 Bh6 38. Nd5 c4 39. Nxf6+ 1-0

[Event "Early-Titled-Tuesday-Blitz-April-23-2024"]
[Site "Chess.com"]
[Date "2024.04.23"]
[Round "7"]
[White "Schattman"]
[Black "rionelG"]
[Result "1-0"]
[WhiteElo "2458"]
[BlackElo "2208"]
[TimeControl "180+1"]
[EndTime "9:20:03 PDT"]
[Termination "Schattman won on time"]

1. e4 c5 2. c3 d5 3. exd5 Qxd5 4. Nf3 Nc6 5. d4 Nf6 6. Be3 cxd4 7. Nxd4 e5 8. Nxc6 Qxd1+ 9. Kxd1 bxc6 10. Nd2 Ng4 11.
Bc4 Nxe3+ 12. fxe3 Bg4+ 13. Be2 Be6 14. Bc4 Bg4+ 15.
Be2 Bf5 16. Bf3 Kd7 17. Rf1 Be6 18. Ke2 f5 19. e4 f4 20. Rfd1 Kc7 21. h3 g5 22. Bg4 Bxg4+ 23. hxg4 h5 24. Rh1 Bg7 25. Rxh5 Rxh5 26. gxh5 Rh8 27. Rh1 g4 28. Nc4 Bf6 29. h6 Kd7 30. Rh5 Ke6 31. h7 Rb8 32. b3 Re8 33.
Rh6 Rh8 34. Na5 Rc8 35. Nxc6 Kf7 36. h8=Q Rxh8 37. Rxh8 Bxh8 38. Nxa7 Kf6 39. Nc8 Kg5 40. Nd6 Bf6 41. Nf5 Bd8 42. b4 g3 43. Kf3 Bb6 44.
c4 Bf2 45. c5 Kf6 46. a4 1-0

[Event "Early-Titled-Tuesday-Blitz-April-23-2024"]
[Site "Chess.com"]
[Date "2024.04.23"]
[Round "7"]
[White "alexrustemov"]
[Black "Shankland"]
[Result "0-1"]
[WhiteElo "2873"]
[BlackElo "3062"]
[TimeControl "180+1"]
[EndTime "9:20:04 PDT"]
[Termination "Shankland won on time"]

1. d4 Nf6 2. c4 g6 3. Nf3 Bg7 4. g3 c6 5. Bg2 d5 6. cxd5 cxd5 7. Ne5 O-O 8. Nc3 Nc6 9. O-O e6 10. Bf4 Nh5 11. Nxc6 bxc6 12. Be3 Rb8 13. Qd2 c5 14. Rfd1 cxd4 15. Bxd4 Bxd4 16. Qxd4 Qb6 17. Qxb6 Rxb6 18. b3 Ba6 19. e4 Rc6 20. Na4 dxe4 21. Bxe4 Rc7 22. Rac1 Rfc8 23. Rxc7 Rxc7 24. Bd3 Bb7 25. Kf1 Nf6 26. Ke2 Kf8 27. Rd2 Ke7 28.
Rc2 Rxc2+ 29. Bxc2 Kd6 30. b4 Bc6 31. Nc3 h5 32. h4 Ke5 33. Kd2 Kd4 34. Bb3 Bd5 35.
Ne2+ Ke4 36. Nc3+ Kd4 37. Ne2+ Ke5 38. Bxd5 Nxd5 39. a3 Ke4 40. Nc3+ Kd4 41. Nxd5 exd5 42. Kc2 Kc4 43. Kd2 Kb3 44. Kd3 Kxa3 45. Kc3 Ka4 46. f4 Kb5 47. f5 gxf5 48. Kd4 Kxb4 49. Kxd5 a5 50. Ke5 a4 0-1

[Event "Early-Titled-Tuesday-Blitz-April-23-2024"]
[Site "Chess.com"]
[Date "2024.04.23"]
[Round "7"]
[White "marcodobrikov"]
[Black "Prizant_academy"]
[Result "0-1"]
[WhiteElo "2703"]
[BlackElo "2945"]
[TimeControl "180+1"]
[EndTime "9:20:05 PDT"]
[Termination "Prizant_academy won by checkmate"]

1. e4 c5 2. Nf3 e6 3. d4 cxd4 4. Nxd4 Nf6 5. Nc3 Nc6 6. Be3 Bb4 7. Bd3 d5 8. Nxc6 bxc6 9. e5 d4 10. exf6 dxe3 11. fxg7 exf2+ 12. Kxf2 Qd4+ 13. Kf1 Qxg7 14. Ne4 O-O 15. Qh5 Be7 16. Ke2 f5 17. Nf2 e5 18.
Bc4+ Kh8 19. c3 Rb8 20. b3 e4 21. Rac1 Bd7 22. g3 Bg5 23. Rc2 Be8 24. Qh3 Bg6 25.
Rd1 Rbd8 26. Rxd8 Rxd8 27. Be6 Qe5 28. Bc4 f4 29. gxf4 Qxf4 30. Qg3 Qf3+ 31. Ke1 Qxg3 32. hxg3 e3 33. Re2 exf2+ 34. Kxf2 Rd2 35. Kf3 Kg7 36. g4 Rxe2 37. Kxe2 Kf6 38. Kd1 Ke5 39. Be2 Be4 40. b4 Be3 41. a4 Kf4 42. c4 Bf3 43. Bxf3 Kxf3 44. Kc2 Kxg4 45. Kd3 Bg1 46. Ke4 h5 47. Ke5 h4 48. Kd6 h3 49. Kxc6 h2 50. Kb5 h1=Q 51. c5 Qb7+ 52. Ka5 Qc6 53. b5 Qxc5 54.
Ka6 Qb6# 0-1

[Event "Early-Titled-Tuesday-Blitz-April-23-2024"]
[Site "Chess.com"]
[Date "2024.04.23"]
[Round "7"]
[White "Fy_Rakotomaharo"]
[Black "GMKrikor"]
[Result "0-1"]
[WhiteElo "2722"]
[BlackElo "2900"]
[TimeControl "180+1"]
[EndTime "9:20:05 PDT"]
[Termination "GMKrikor won on time"]

1. e4 c5 2. a4 Nc6 3. Bb5 Nf6 4. d3 Nd4 5. c3 Nxb5 6. axb5 g6 7. c4 Bg7 8. Nc3 O-O 9. Be3 d6 10. h3 e5 11. Nge2 Ne8 12. O-O f5 13. exf5 gxf5 14.
f4 b6 15. Ng3 Rf7 16. Nh5 Bb7 17. Qe1 Nf6 18. Qh4 Nxh5 19. Qxh5 Qd7 20. Rf2 Kh8 21. Kh2 Qe6 22. Raf1 Rg8 23. Kg1 exf4 24. Bxf4 Bd4 25. Kh2 Bxf2 26. Rxf2 Qg6 27. Qe2 Rfg7 28. g3 Re8 29.
Qd2 Rge7 30. Nd5 Bxd5 31. cxd5 Qh5 32. Bxd6 Re2 33. Qc3+ Kg8 34. Rxe2 Qxe2+ 35. Kg1 Qd1+ 36. Kf2 Re2+ 0-1

[Event "Early-Titled-Tuesday-Blitz-April-23-2024"]
[Site "Chess.com"]
[Date "2024.04.23"]
[Round "7"]
[White "yobdc"]
[Black "vasblesk"]
[Result "0-1"]
[WhiteElo "2610"]
[BlackElo "2808"]
[TimeControl "180+1"]
[EndTime "9:20:05 PDT"]
[Termination "vasblesk won by checkmate"]

1. d4 d5 2. Bf4 Nf6 3. Nc3 c5 4.
e3 cxd4 5. exd4 Bg4 6. Nf3 Nc6 7. Be2 Qb6 8. Na4 Qa5+ 9. c3 e6 10. h3 Bxf3 11. Bxf3 b5 12. Nc5 Bxc5 13. dxc5 b4 14. cxb4 Qxb4+ 15. Qd2 Qxc5 16. Rc1 Qb6 17. Bd6 Nd4 18. Bc5 Nxf3+ 19. gxf3 Qb7 20. Rg1 Rg8 21.
Bd4 Nd7 22. Rxg7 Rxg7 23. Bxg7 Rc8 24. Rxc8+ Qxc8 25. Bc3 Qc4 26. Qg5 d4 27. Qg8+ Ke7 28. Qg5+ f6 29. Qg7+ Kd6 30. Bd2 Qxa2 31. Qxh7 Qa1+ 32.
Ke2 Qxb2 33. Qd3 Nc5 34. Qc4 a5 35. h4 a4 36. h5 a3 37. h6 a2 38. h7 a1=Q 39. h8=Q d3+ 40. Ke3 Qe5+ 41. Qe4 Qad4# 0-1

[Event "Early-Titled-Tuesday-Blitz-April-23-2024"]
[Site "Chess.com"]
[Date "2024.04.23"]
[Round "7"]
[White "CarlosjPineror"]
[Black "Shahdad2007"]
[Result "1-0"]
[WhiteElo "2761"]
[BlackElo "2597"]
[TimeControl "180+1"]
[EndTime "9:20:06 PDT"]
[Termination "CarlosjPineror won by checkmate"]

1. e4 c5 2. Nf3 e6 3. d4 cxd4 4. Nxd4 Nc6 5. Nxc6 bxc6 6. Bd3 d5 7. O-O Nf6 8. Nc3 Be7 9. Qe2 O-O 10. Na4 a5 11. c4 Ba6 12. Rd1 dxc4 13. Bc2 Qc7 14.
Nc3 Rfd8 15. Bg5 h6 16. Bh4 Rxd1+ 17. Rxd1 Rd8 18. h3 g5 19. Bg3 e5 20. Rxd8+ Bxd8 21. Nd1 Qb6 22. Bxe5 c3 23. Qf3 cxb2 24. Bxb2 c5 25. e5 Bb7 26. Qf5 Nd5 27. Qh7+ Kf8 28. Qh8+ Ke7 29. Ba4 Bc6 30. Bc2 Nf4 31. Qxh6 Kd7 32.
Qg7 Bd5 33. Kh2 Qe6 34. Ne3 Kc6 35. Bf5 Qe7 36. Nxd5 Kxd5 37. e6 fxe6 38. Qe5+ Kc6 39. Be4+ Kb6 40. Ba3 Bc7 41. Qb2+ Ka6 42. Qb7# 1-0

[Event "Early-Titled-Tuesday-Blitz-April-23-2024"]
[Site "Chess.com"]
[Date "2024.04.23"]
[Round "7"]
[White "kiwibobo"]
[Black "Eliwood44"]
[Result "0-1"]
[WhiteElo "2308"]
[BlackElo "2467"]
[TimeControl "180+1"]
[EndTime "9:20:06 PDT"]
[Termination "Eliwood44 won by checkmate"]

1. e4 e5 2. Nf3 Nc6 3. Bb5 Nf6 4.
d3 d6 5. c3 Bd7 6. O-O g6 7.
h3 Bg7 8. Re1 O-O 9. Be3 Nh5 10.
Nbd2 h6 11. a4 Kh7 12. d4 Qe8 13. Bc4 f5 14. exf5 gxf5 15. dxe5 dxe5 16. Bc5 Rf6 17. Bd5 Rg6 18. Nh4 Rf6 19. Nhf3 e4 20. Nd4 Nf4 21. Bxe4 fxe4 22. Nxe4 Rg6 23. Nf6+ Bxf6 24. Rxe8 Rxe8 25. g3 Nxh3+ 26. Kh2 Nxf2 27. Qf3 Ng4+ 28. Kg1 Nce5 29. Qxb7 Bc8 30. Qxc7+ Rg7 31. Qd6 Nf7 32. Qf4 Bg5 33.
Qf3 Re3 34. Qf1 Rxg3+ 35. Kh1 Rh3+ 36. Qxh3 Nf2+ 37. Kg2 Nxh3 38. Bxa7 Bc1+ 39. Kf3 Bxb2 40. Rb1 Bxc3 41. Nb5 Bg4+ 42. Ke4 Bf6 43. Be3 Nfg5+ 44. Kd5 Bf3+ 45. Kd6 Ne4+ 46. Ke6 Bg5 47. Bd4 Re7+ 48. Kf5 Ng3# 0-1

[Event "Early-Titled-Tuesday-Blitz-April-23-2024"]
[Site "Chess.com"]
[Date "2024.04.23"]
[Round "7"]
[White "campochess"]
[Black "margarita_2703"]
[Result "0-1"]
[WhiteElo "2153"]
[BlackElo "2298"]
[TimeControl "180+1"]
[EndTime "9:20:06 PDT"]
[Termination "margarita_2703 won by resignation"]

1. e4 e5 2. d4 exd4 3. Qxd4 Nc6 4. Qe3 Nf6 5. Nc3 Bb4 6. Bd2 O-O 7. O-O-O Re8 8. Nge2 d5 9. Qg3 Bd6 10. Qh4 dxe4 11.
Bg5 Bf5 12. Ng3 Bg6 13. Bb5 h6 14. Bxf6 Qxf6 15. Qxf6 gxf6 16. Nd5 Kg7 17. Kb1 f5 18. Ne2 Re5 19. c4 Ne7 20. Ndf4 Nc6 21. Nd5 Rae8 22. Rd2 a6 23. Ba4 R8e6 24. h4 Ne7 25. h5 Bh7 26.
Nef4 Nxd5 27. Nxe6+ fxe6 28. cxd5 exd5 29. Bd7 c6 30.
Bc8 Re7 31. g4 f4 32. Rg1 e3+ 33.
Rc2 Bxc2+ 34. Kxc2 exf2 35. Rf1 Bc5 36. b4 Re1 37.
Rxf2 Bxf2 38. Bxb7 Re6 39. Bxa6 Rd6 40. Kd3 Ba7 41. Bc8 c5 42. bxc5 Bxc5 43. a4 Kf6 44.
Bf5 Ba7 45. Kc3 Kg5 46. Kb4 Rf6 47. Bd7 f3 0-1

[Event "Early-Titled-Tuesday-Blitz-April-23-2024"]
[Site "Chess.com"]
[Date "2024.04.23"]
[Round "7"]
[White "Ariadna_Atreides"]
[Black "abelmat"]
[Result "0-1"]
[WhiteElo "2218"]
[BlackElo "2067"]
[TimeControl "180+1"]
[EndTime "9:20:09 PDT"]
[Termination "abelmat won on time"]

1. d4 d5 2. Nf3 e6 3. e3 Nf6 4.
Bd3 Be7 5. O-O O-O 6. a3 b6 7. b4 Bb7 8. Bb2 a5 9. b5 c5 10.
c4 Nbd7 11. a4 Rc8 12. Nbd2 cxd4 13. exd4 Ne4 14. Re1 Ndf6 15. Ne5 Nxd2 16. Qxd2 Ne4 17. Qe2 Bb4 18. Rec1 h6 19. cxd5 exd5 20. Rxc8 Qxc8 21. Rc1 Qe6 22. Nc6 Bd6 23. Re1 Re8 24. Qc2 Qg6 25.
f3 Qh5 26. h3 Qh4 27. Qe2 Qg3 28. fxe4 Qh2+ 29. Kf1 Bg3 30. Qe3 Qh1+ 31. Qg1 Qxg1+ 32. Kxg1 Bxe1 33. exd5 Bb4 34. Bc4 Bd6 35. Kf2 Bc8 36. Bc3 Bf5 37. Na7 Bb4 38. g4 Bc8 39. Bxb4 axb4 0-1

[Event "Early-Titled-Tuesday-Blitz-April-23-2024"]
[Site "Chess.com"]
[Date "2024.04.23"]
[Round "7"]
[White "GelmanAlexander"]
[Black "GMAneta"]
[Result "0-1"]
[WhiteElo "2628"]
[BlackElo "2510"]
[TimeControl "180+1"]
[EndTime "9:20:10 PDT"]
[Termination "GMAneta won on time"]

1. d4 Nf6 2. Nc3 d5 3. Bf4 Bf5 4. f3 e6 5. g4 Bg6 6. h4 h5 7. g5 Ng8 8. e4 Bb4 9. Be5 dxe4 10. Bxg7 Rh7 11. Be5 Nc6 12. Bb5 Ne7 13. a3 Bxc3+ 14. bxc3 a6 15. Bxc6+ Nxc6 16. Bf6 Qd5 17. Rh3 Bf5 18.
Rg3 b5 19. Kf2 Kf8 20. a4 Re8 21. axb5 axb5 22. fxe4 Qxe4 23. Nf3 Bg4 24. Qd3 Bxf3 25. Qxf3 Qxc2+ 26. Kg1 Ne7 27. Ra8 Nd5 28. g6 fxg6 29.
Bg7+ Ke7 30. Rxe8+ Kxe8 31. Qf8+ Kd7 32. Qg8 Qc1+ 33.
Kh2 Qd2+ 34. Rg2 Qf4+ 35. Kh1 Qxh4+ 36. Kg1 Qe1+ 37. Kh2 Qh4+ 38. Kg1 Rxg7 39. Qxg7+ Ne7 40. Qe5 Qh3 41. Re2 c6 42. Rg2 Qxc3 43. Rf2 Qc1+ 44. Kg2 Nf5 45. Qf6 Qe3 46. Qf7+ Kd6 47. Qf8+ Kd5 48.
Qd8+ Ke4 49. Qf6 Qg3+ 50. Kf1 Ne3+ 51. Ke2 Qg4+ 52. Rf3 Qg2+ 53. Rf2 Qg4+ 54. Rf3 Nc4 0-1

[Event "Early-Titled-Tuesday-Blitz-April-23-2024"]
[Site "Chess.com"]
[Date "2024.04.23"]
[Round "7"]
[White "GM_dmitrij"]
[Black "Hamisandwich"]
[Result "1-0"]
[WhiteElo "2997"]
[BlackElo "2722"]
[TimeControl "180+1"]
[EndTime "9:20:13 PDT"]
[Termination "GM_dmitrij won on time"]

1. Nf3 b6 2. g3 Bb7 3. Bg2 g6 4. O-O Bg7 5. c4 Nf6 6. d4 O-O 7. d5 Na6 8. Nc3 Nc5 9. Nd4 e5 10. Nb3 d6 11. e4 Bc8 12. h3 Nfd7 13. Be3 f5 14. exf5 gxf5 15. Nxc5 bxc5 16. f4 e4 17. g4 Rb8 18. Rf2 Qh4 19. g5 h6 20. gxh6 Qxh6 21. Nb5 Rb7 22. Qa4 Nb6 23. Qc2 a6 24. Na3 Bd7 25.
Raf1 Be8 26. Kh2 Nd7 27. b3 Nf6 28. Kh1 Nh5 29. Rg1 Kh8 30. Bf1 c6 31. dxc6 Bxc6 32.
Qd1 Rd7 33. Rg5 Nf6 34. Nc2 d5 35. cxd5 Rxd5 36. Qe1 Nh7 37. Rg3 Bd4 38. Bc4 Rdd8 39. Rd2 Qf6 40. Qd1 Bc3 41. Rxd8 Rxd8 42. Qh5 Bd4 43. Rg6 Bxe3 44. Rxf6 1-0

[Event "Early-Titled-Tuesday-Blitz-April-23-2024"]
[Site "Chess.com"]
[Date "2024.04.23"]
[Round "7"]
[White "Kobalia"]
[Black "koncheto"]
[Result "0-1"]
[WhiteElo "2789"]
[BlackElo "2624"]
[TimeControl "180+1"]
[EndTime "9:20:13 PDT"]
[Termination "koncheto won on time"]

1. d4 Nf6 2. Nf3 e6 3. Bf4 c5 4. e3 d5 5. c3 Bd6 6. Nbd2 Qc7 7. Bxd6 Qxd6 8. Rc1 Nc6 9. dxc5 Qxc5 10. c4 O-O 11. cxd5 Qxd5 12. Bc4 Qd6 13. O-O Bd7 14. Qe2 Rfd8 15.
Nb3 Rac8 16. Rfd1 Qe7 17. h3 Nb4 18. a3 Nbd5 19. e4 Nb6 20. e5 Nfd5 21. Nbd4 Nxc4 22. Rxc4 Rxc4 23. Qxc4 Rc8 24. Qb3 b6 25. Nd2 Qg5 26.
N4f3 Qf5 27. Nc4 Qf4 28. Rd4 Qc1+ 29. Kh2 b5 30. Nd6 Rc2 31. Qd3 Bc6 32. Rg4 Qxb2 33. Nxf7 Rxf2 34. Nh6+ Kh8 35. Ng5 g6 36. Qg3 Ne3 37.
Ne4 Nf1+ 38. Kg1 Nxg3 0-1

[Event "Early-Titled-Tuesday-Blitz-April-23-2024"]
[Site "Chess.com"]
[Date "2024.04.23"]
[Round "7"]
[White "cthulhuuu"]
[Black "Grossboss19"]
[Result "0-1"]
[WhiteElo "2481"]
[BlackElo "2624"]
[TimeControl "180+1"]
[EndTime "9:20:13 PDT"]
[Termination "Grossboss19 won on time"]

1. e4 c5 2. Nf3 e6 3. d3 d5 4.
Nbd2 Nf6 5. g3 b6 6. Bg2 Bb7 7. O-O dxe4 8. dxe4 Be7 9. e5 Nfd7 10. Qe2 O-O 11. Nc4 Qc7 12. Bf4 Nc6 13. Rad1 Rad8 14.
Nd6 Bxd6 15. Rxd6 Nb4 16. Rfd1 h6 17. a3 Nd5 18. c4 Nxf4 19. gxf4 Nb8 20. Qd3 Rxd6 21.
Qxd6 Qxd6 22. Rxd6 Rc8 23. Nd2 Bxg2 24. Kxg2 Kf8 25.
a4 Ke7 26. a5 Rc6 27. axb6 Rxb6 28. Rxb6 axb6 29. Kf3 Nc6 30. Ke4 Nd4 31. b4 Kd7 32. b5 Ke7 33. Nf1 f5+ 34. exf6+ Kxf6 35. Ne3 h5 36. h4 g6 37. f3 Ke7 38. Nd1 Nf5 39. Ke5 Nxh4 40. Ke4 Nf5 41. Nf2 Nd6+ 42. Kd3 Kf6 43. Nh3 Kf5 44. Ng5 e5 45. fxe5 Kxe5 46. Nh3 Kf5 47. Kc3 Nf7 0-1

[Event "Early-Titled-Tuesday-Blitz-April-23-2024"]
[Site "Chess.com"]
[Date "2024.04.23"]
[Round "7"]
[White "chesslh93"]
[Black "ChessBliss09"]
[Result "0-1"]
[WhiteElo "2369"]
[BlackElo "2240"]
[TimeControl "180+1"]
[EndTime "9:20:13 PDT"]
[Termination "ChessBliss09 won by checkmate"]

1. e4 e5 2. Nf3 Nc6 3. Bb5 Nf6 4. O-O Nxe4 5. d4 Nd6 6. Bxc6 dxc6 7. dxe5 Nf5 8. Qxd8+ Kxd8 9. Nc3 Be7 10. Bg5 Bxg5 11. Nxg5 Ke7 12. Rad1 Be6 13. h3 h6 14. Nf3 g5 15. a3 Rhd8 16. Rfe1 Rd7 17. Rxd7+ Bxd7 18. Ne4 b6 19. Rd1 Be6 20. c3 Bd5 21. Re1 Rd8 22.
Ned2 Ng7 23. Nd4 c5 24. N4f3 Ne6 25. g3 h5 26. Ne4 g4 27. hxg4 hxg4 28. Nh4 Bxe4 29.
Rxe4 Rd2 30. b4 Ra2 31. Nf5+ Kd7 32. Rxg4 Rxa3 33. bxc5 Nxc5 34. Rg7 Ke6 35. Nd4+ Kxe5 36. Nb5 Rb3 37. Nxa7 Rxc3 38. Rxf7 Ne4 39. Nb5 Rc1+ 40. Kg2 c6 41. Na3 b5 42. Re7+ Kd4 43. f3 Nf6 44.
Re6 Nd5 45. g4 b4 46. Kg3 bxa3 47. g5 a2 48. g6 a1=Q 49. g7 Rg1+ 50. Kh2 Rh1+ 51.
Kg3 Qg1# 0-1

[Event "Early-Titled-Tuesday-Blitz-April-23-2024"]
[Site "Chess.com"]
[Date "2024.04.23"]
[Round "7"]
[White "soloderisas"]
[Black "ChristianArca"]
[Result "0-1"]
[WhiteElo "2749"]
[BlackElo "2651"]
[TimeControl "180+1"]
[EndTime "9:20:14 PDT"]
[Termination "ChristianArca won by resignation"]

1. d4 Nf6 2. Nf3 d5 3. Bf4 c5 4. e3 cxd4 5. exd4 Nc6 6. c3 Bf5 7. Qb3 Na5 8. Bb5+ Bd7 9. Qa4 Nc6 10. Ne5 Nxe5 11. dxe5 Bxb5 12. Qxb5+ Qd7 13. Qe2 Ne4 14. O-O e6 15. Nd2 Nxd2 16. Qxd2 Be7 17. Rfd1 Rc8 18. Rac1 Qa4 19. b3 Qe4 20. c4 Ba3 21. Rb1 O-O 22.
cxd5 Rc2 23. Qe3 exd5 24. Qxe4 dxe4 25. Rd4 Bc5 26. Rc4 Bxf2+ 27. Kf1 Rxa2 28. Rxe4 Bb6 29. Rd1 Rf2+ 30. Ke1 Rxg2 31. Rd7 g5 32. Bg3 Rc8 33. Kd1 h5 34. e6 f5 35. Re5 h4 36. Rxf5 Be3 37. Ke1 hxg3 38. hxg3 Rc1+ 39. Rd1 Rg1+ 40.
Ke2 Rcxd1 41. e7 Rge1+ 42. Kf3 Bc5 43. Rf8+ Kg7 44. e8=Q Rd3+ 45. Kg4 Rxe8 46. Rxe8 Rxb3 47. Rc8 Bf2 48. Rc7+ Kf6 0-1

[Event "Early-Titled-Tuesday-Blitz-April-23-2024"]
[Site "Chess.com"]
[Date "2024.04.23"]
[Round "7"]
[White "lucasran"]
[Black "JacksterThePro"]
[Result "0-1"]
[WhiteElo "2604"]
[BlackElo "2490"]
[TimeControl "180+1"]
[EndTime "9:20:15 PDT"]
[Termination "JacksterThePro won on time"]

1. Nf3 Nf6 2. c4 e6 3. g3 d5 4. Bg2 dxc4 5. Qa4+ c6 6. Qxc4 b5 7. Qb3 Bb7 8. O-O Nbd7 9. d4 a6 10. Ne5 Rc8 11. Nc3 Nxe5 12. dxe5 Nd5 13. Ne4 c5 14. Bg5 Qb6 15. Rad1 h6 16. Bh4 c4 17. Qc2 Bc5 18.
Nxc5 Qxc5 19. e4 Nb4 20. Qd2 Nd3 21. g4 Qxe5 22. Bg3 Qxb2 23. Qa5 O-O 24. Qb6 Bc6 25.
Qxa6 Qb4 26. a3 Qc5 27. Qa5 Ra8 28. Qc3 Rxa3 29. Qc2 Rfa8 30. h3 Ra2 31. Qb1 Rb2 32. Qa1 Rxa1 33. Rxa1 Kh7 34. Rad1 e5 35. Rde1 c3 36. Rc1 Nb4 37. Rcd1 c2 38. Rc1 Nd3 39. Kh2 Nxc1 40. Rxc1 Rb1 41. Rxc2 Qxc2 0-1